 Dungeon Crawl Stone Soup version 0.28-a0-683-ga8797d1ae1 (webtiles) character file.

Game seed: 4776309141202009450

28 blank1 the Skirmisher (level 2, -8/27 HPs)
             Began as a Minotaur Fighter on Oct 19, 2021.
             Mangled by an ogre (16 damage)
             ... on level 2 of the Dungeon.
             The game lasted 00:02:22 (964 turns).

blank1 the Skirmisher (Minotaur Fighter)             Turns: 964, Time: 00:02:23

Health: -8/27      AC:  7    Str: 20    XL:     2   Next: 96%
Magic:  1/1        EV:  9    Int:  5    God:
Gold:   35         SH:  4    Dex:  9    Spells: 1/1 levels left

rFire   . . .      SeeInvis .   a - +0 flail
rCold   . . .      Faith    .   c - +0 buckler
rNeg    . . .      Spirit   .   b - +0 scale mail
rPois   .          Reflect  .   (helmet restricted)
rElec   .          Harm     .   (no cloak)
rCorr   .          Rampage  .   (no gloves)
Will    .....                   (no boots)
Stlth   ..........              (no amulet)
HPRegen 0.09/turn               (no ring)
MPRegen 0.07/turn               (no ring)

@: no status effects
A: horns 2, retaliatory headbutt
a: no special abilities


You were on level 2 of the Dungeon.
You visited 1 branch of the dungeon, and saw 2 of its levels.

You collected 35 gold pieces.

Inventory:

Hand Weapons
 a - a +0 flail (weapon)
Armour
 b - a +0 scale mail (worn)
 c - a +0 buckler (worn)
Jewellery
 g - a ring of magical power
Scrolls
 h - 2 scrolls of enchant weapon {unknown}
Potions
 d - a potion of might
 e - a potion of curing {unknown}
 f - a potion of brilliance {unknown}


   Skills:
 - Level 4.0 Fighting
 + Level 3.2 Maces & Flails
 - Level 4.0 Armour
 - Level 4.0 Shields


You had one spell level left.
You didn't know any spells.
Your spell library contained the following spells:

 Spells                   Type           Power      Damage    Failure   Level
 Sublimation of Blood     Necr           0%         N/A       92%         2
 Wereblood                Tmut           0%         N/A       92%         2
 Summon Hydra             Summ           0%         N/A       100%        7


Dungeon Overview and Level Annotations

Branches:
Dungeon (2/15)

Altars:


Innate Abilities, Weirdness & Mutations

You have a pair of horns on your head.
You reflexively headbutt those who attack you in melee.


Message History

No target in view!
No target in view!
No target in view!
No target in view!
No target in view!
No target in view!
No target in view!
No target in view!
No target in view!
No target in view!
No target in view!
No target in view!
No target in view!
No target in view!
No target in view!
No target in view!
No target in view!
No target in view!
A hobgoblin comes into view.
You start resting.
HP restored.
Found a stone staircase leading up.
h - 2 scrolls labelled FYIJE VERUSIRPH (gained 1)
A quokka comes into view.
An ogre comes into view. It is wielding a +0 giant club.
The hobgoblin shouts!
You sock the ogre!
The ogre is moderately wounded.
The ogre hits you with a +0 giant club!!
Ouch! That really hurt!
* * * LOW HITPOINT WARNING * * *
You are too injured to fight recklessly!
Okay, then.
Okay, then.
You barely miss the ogre. You headbutt the ogre!
The ogre is heavily wounded.
A dart slug comes into view.
The ogre hits you with a +0 giant club!
Ouch! That really hurt!
You die...

#.# #.# .. #.#
..# #.# ##.. #.#
#...# #.###..#.#
#.##.....#.#
#.##.#...g.w
#.#.@Or.#
#######...###.#
.#. <.......#.#
... .g
#######...###.#
.(
#######.......##.
...........#....
########.#.....#
#.###.#[#
#.###...###..


You could see an ogre, a dart slug, a quokka and a hobgoblin.

Vanquished Creatures
  2 dart slugs
  A ball python (D:1)
  4 endoplasms
  2 goblins (D:1)
  A hobgoblin (D:2)
  3 jackals (D:1)
  2 quokkas
  3 bats
  2 rats
20 creatures vanquished.

Notes
Turn   | Place    | Note
-------+----------+-------------------------------------------
     0 | D:1      | blank1 the Minotaur Fighter began the quest for the Orb.
     0 | D:1      | Reached XP level 1. HP: 19/19 MP: 0/0
   174 | D:1      | Reached XP level 2. HP: 26/27 MP: 1/1
   961 | D:2      | Noticed an ogre
   964 | D:2      | Mangled by an ogre

Illustrated notes

Levels and vault maps discovered:
D:1:      dpeg_arrival_lava_temple_mockup, layout_loops_ring,
          grunt_decor_mini_mirrors
D:2:      layout_loops_ring, chequers_ecumenical_altar_twisty,
          minmay_fractal_squares_5

Skill      XL: |  1  2 |
---------------+-------+-----
Fighting       | 4 |  4.0
Armour         | 4 |  4.0
Maces & Flails | 3 |  3.2
Shields        | 4 |  4.0

Action                   || total
-------------------------++-------
Melee: Flail             ||    47
       Headbutt          ||     5
Armor: Scale mail        ||    26
Dodge: Dodged            ||    26
Block: Buckler           ||     7

Table legend: (Time is in decaauts)
 A = Elapsed time spent in this place.
 B = Non-inter-level travel time spent in this place.
 C = Inter-level travel time spent in this place.
 D = Time resting spent in this place.
 E = Time spent auto-exploring this place.
 F = Levels seen in this place.
 G = Mean time per level.
                   A        B        C        D        E       F      G
               +--------+--------+--------+--------+--------+-----+--------+
         Total |    976 |    934 |     42 |     83 |    715 |   2 |  488.0 |
       Dungeon |    976 |    934 |     42 |     83 |    715 |   2 |  488.0 |
               +--------+--------+--------+--------+--------+-----+--------+

Top non-repeatable levels by time:
     D:1: 780 daAuts
     D:2: 196 daAuts
